2239 views
Uploaded 2024-05-23 16:39:42
Game version 1.36 (6115)
9:18 long 1on1 custom game on (2)EchoIsles
Game name "123stg"
Saved by VladStg
2239 views
Uploaded 2024-05-23 16:39:42
Game version 1.36 (6115)
9:18 long 1on1 custom game on (2)EchoIsles
Game name "123stg"

/ 0k
19 buildings @ 2.3k
/ 1k

| Peasant | 11 | 825 | / | 0 |
| Footman | 3 | 405 | / | 0 |
| Rifleman | 1 | 205 | / | 30 |
| total: | 15 | 1435g | / | 30w |
| Scout Tower | 6 | 180 | / | 120 |
| Arcane Tower | 1 | 70 | / | 50 |
| Guard Tower | 3 | 210 | / | 150 |
| Altar of Kings | 1 | 180 | / | 50 |
| Barracks | 2 | 320 | / | 120 |
| Farm | 4 | 320 | / | 80 |
| Lumber Mill | 1 | 120 | / | 0 |
| Blacksmith | 1 | 140 | / | 60 |
| Arcane Vault | 1 | 130 | / | 30 |
| Town Hall | 2 | 770 | / | 410 |
| Workshop | 1 | 140 | / | 140 |
| Keep | 2 | 640 | / | 420 |
| total: | 19 | 2300g | / | 1010w |
| 0:01 | Peasant |
| 0:01 | Peasant |
| 0:11 | Altar of Kings |
| 0:21 | Barracks |
| 0:27 | Barracks |
| 0:31 | Peasant |
| 0:32 | Peasant |
| 0:37 | Farm |
| 0:48 | Farm |
| 1:02 | Peasant |
| 1:08 | Peasant |
| 1:29 | Footman |
| 1:33 | Scout Tower |
| 1:45 | Peasant |
| 1:50 | Farm |
| 1:56 | Footman |
| 2:07 | Arcane Tower |
| 2:13 | Summon Water Elemental |
| 2:26 | Lumber Mill |
| 2:30 | Peasant |
| 2:35 | Scout Tower |
| 3:10 | Footman |
| 3:17 | Farm |
| 3:34 | Guard Tower |
| 4:09 | Brilliance Aura |
| 4:38 | Keep |
| 4:49 | Blacksmith |
| 5:46 | Keep |
| 6:01 | Rifleman |
| 6:04 | Improved Lumber Harvesting |
| 6:13 | Arcane Vault |
| 7:33 | Scout Tower |
| 7:34 | Scout Tower |
| 7:36 | Scout Tower |
| 7:41 | Town Hall |
| 7:46 | Town Hall |
| 8:04 | Guard Tower |
| 8:07 | Improved Masonry |
| 8:12 | Scout Tower |
| 8:18 | Workshop |
| 8:25 | Guard Tower |
| 9:05 | Peasant |
| 9:05 | Peasant |
| 9:05 | Peasant |
| Right click | 733 |
| Select | 171 |
| Select group | 62 |
| Build/train/purchase | 42 |
| Assign group | 24 |
| Misc. action | 7 |
| Chat | 4 |
| Remove unit | 1 |
14 units @ 1.8k
/ 0k
13 buildings @ 2.3k
/ 1k


| Healing Salve | 2 | 200 |
| Lesser Clarity Potion | 1 | 70 |
| Scroll of Healing | 1 | 250 |
| total: | 4 | 520g |
| Peon | 8 | 600 | / | 0 |
| Grunt | 5 | 1000 | / | 0 |
| Raider | 1 | 180 | / | 40 |
| total: | 14 | 1780g | / | 40w |
| Altar of Storms | 1 | 180 | / | 50 |
| Orc Burrow | 4 | 640 | / | 160 |
| Barracks | 1 | 180 | / | 50 |
| Voodoo Lounge | 1 | 130 | / | 30 |
| War Mill | 1 | 205 | / | 0 |
| Great Hall | 1 | 385 | / | 185 |
| Beastiary | 4 | 580 | / | 560 |
| Stronghold | 1 | 315 | / | 190 |
| total: | 13 | 2300g | / | 1035w |
| 0:00 | Peon |
| 0:01 | Peon |
| 0:03 | Altar of Storms |
| 0:16 | Orc Burrow |
| 0:32 | Barracks |
| 0:34 | Peon |
| 0:46 | Peon |
| 0:57 | Peon |
| 1:12 | Peon |
| 1:24 | Orc Burrow |
| 1:33 | Peon |
| 1:37 | Grunt |
| 1:44 | Peon |
| 2:00 | Voodoo Lounge |
| 2:04 | Feral Spirit |
| 2:17 | Grunt |
| 3:06 | Stronghold |
| 3:08 | Healing Salve |
| 3:08 | Healing Salve |
| 3:12 | Lesser Clarity Potion |
| 3:20 | Chain Lighting |
| 3:34 | Grunt |
| 3:48 | Orc Burrow |
| 4:58 | Grunt |
| 6:08 | Feral Spirit |
| 6:14 | Beastiary |
| 6:16 | Beastiary |
| 6:19 | Beastiary |
| 6:21 | Beastiary |
| 6:26 | Orc Burrow |
| 6:32 | War Mill |
| 7:00 | Berserker Strength |
| 7:01 | Grunt |
| 7:14 | Endurance Aura |
| 7:27 | Great Hall |
| 7:46 | Scroll of Healing |
| 7:51 | Raider |
| 7:52 | Ensnare |
| Right click | 567 |
| Select group | 434 |
| Select | 157 |
| Misc. action | 51 |
| Assign group | 40 |
| Build/train/purchase | 37 |
| Use ability | 8 |
| Remove unit | 1 |